AoeStats
← barfthom

Arabia

510212435Analyzed
2v2 RM · 2d ago on Sep 30, 2026· 31m 45s· 4 players
Game mode
Random Map
Map size
Medium (4 player)
Population
200
Speed
Normal
Resources
Standard
Victory
Conquest
Starting age
Dark Age
Ending age
Imperial Age
RankedLock teamsTeams togetherTeam positionsShared explorationLock speedFull tech treeHidden civsTurbo modeCheats
Victory
Defeat
🇺🇸 Romans · United States
1016
+16
🇺🇸 Armenians · United States
1015
+16
🇨🇴 Persians · Colombia
1030
-16
🇲🇽 Varangians · Mexico
1013
-16
rentedu92
6:42 Loom
9:46 Feudal Age
10:12 Man-at-Arms
12:17 Double-Bit Axe
22:58 Castle Age
21:43 Forging
21:33 Scale Mail Armor
22:46 Arson
23:59 Bow Saw
24:35 Wheelbarrow
24:46 Iron Casting
25:03 Gambesons
jadm9612
7:41 Loom
10:06 Feudal Age
21:12 Castle Age
18:55 Horse Collar
19:29 Double-Bit Axe
21:08 Scale Barding Armor
21:14 Forging
20:59 Gold Mining
21:49 Wheelbarrow
22:25 Bloodlines
29:02 Chain Barding Armor
29:18 Iron Casting
nolesallday
7:24 Loom
9:52 Feudal Age
10:45 Double-Bit Axe
10:34 Man-at-Arms
13:46 Scale Mail Armor
22:28 Castle Age
21:13 Gold Mining
21:07 Horse Collar
22:28 Wheelbarrow
22:33 Long Swordsman
22:43 Pikeman
24:33 Bow Saw
24:40 Heavy Plow
25:07 Chain Mail Armor
25:59 Hand Cart
25:35 Town Watch
barfthom
6:53 Loom
9:31 Feudal Age
10:00 Town Watch
9:43 Man-at-Arms
10:18 Double-Bit Axe
10:53 Long Swordsman
15:16 Horse Collar
19:43 Wheelbarrow
20:03 Forging
19:55 Scale Mail Armor
23:46 Castle Age
23:17 Pikeman
23:47 Two-Handed Swordsman
24:58 Squires
25:12 Bow Saw
24:55 Champion
26:44 Iron Casting
28:43 Arson
28:44 Gambesons
29:11 Heavy Plow
29:12 Gold Mining
29:14 Stone Mining
30:00 Chain Mail Armor
Connection lost

Rejoining the realm…

Still unreachable

The connection could not be restored.

Session expired

The server has moved on; the page needs a fresh start.